| TOP OF THE 1ST |
|
Columbus Reds batting - Pitching for Windy City ThunderBolts : RHP Mark Fedor
|
|
Pitching: RHP Mark Fedor
|
|
|
Batting: RHB Alex de Leon
|
0-0: Foul Ball, location: 2F 0-1: Ground out 6-3 (Groundball, 6, EV 103.1 MPH)
|
|
Batting: RHB Ernie Maldonado
|
0-0: Ball 1-0: Fly out, F8 (Flyball, 8RXD, EV 94.4 MPH)
|
|
Batting: LHB Matthew Berry
|
0-0: Called Strike 0-1: Foul Ball, location: 2F 0-2: Ball 1-2: Foul Ball, location: 2F 1-2: Ball 2-2: Foul Ball, location: 2F 2-2: Fly out, F4 (Popup, 34, EV 61.9 MPH)
|
| Top of the 1st over - 0 runs, 0 hits, 0 errors, 0 left on base; Columbus 0 - Windy City 0 |
| BOTTOM OF THE 1ST |
|
Windy City ThunderBolts batting - Pitching for Columbus Reds : RHP Guang Jue
|
|
Pitching: RHP Guang Jue
|
|
|
Batting: RHB Enrique Gomez
|
0-0: Ball 1-0: SOLO HOME RUN (Flyball, 7D, EV 96.2 MPH), Distance : 371 ft
|
|
Batting: SHB Andres Agudo
|
0-0: Foul Ball, location: 2F 0-1: Ball 1-1: Swinging Strike 1-2: Ball 2-2: Ground out 2-3 (Groundball, 2L, EV 60.6 MPH)
|
|
Batting: RHB David Laureano
|
0-0: Foul Ball, location: 2F 0-1: Ball 1-1: Ball 2-1: Called Strike 2-2: Foul Ball, location: 2F 2-2: Foul Ball, location: 2F 2-2: Ground out U3 (Groundball, 34S, EV 89.4 MPH)
|
|
Batting: RHB Bill Stern
|
0-0: Called Strike 0-1: DOUBLE (Line Drive, 78M, EV 90.6 MPH)
|
|
Batting: LHB Prince Nunley
|
0-0: Called Strike 0-1: Foul Ball, location: 2F 0-2: Ball 1-2: Ball 2-2: SINGLE (Groundball, 6D, EV 106.2 MPH) Bill Stern to third
|
|
Batting: RHB Joe Thomas
|
0-0: Foul Ball, location: 2F 0-1: Ball 1-1: Ball 2-1: Foul Ball, location: 2F 2-2: SINGLE (Groundball, 4MD, EV 100.0 MPH) Bill Stern scores Prince Nunley to second
|
|
Batting: LHB Jose Pereyra
|
0-0: Called Strike 0-1: Ball 1-1: Fielders Choice at 2nd, 5-4 (Groundball, 56, EV 87.5 MPH)
|
| Bottom of the 1st over - 2 runs, 4 hits, 0 errors, 2 left on base; Columbus 0 - Windy City 2 |
| TOP OF THE 2ND |
|
Columbus Reds batting - Pitching for Windy City ThunderBolts : RHP Mark Fedor
|
|
Batting: LHB Jamie Spangenberg
|
0-0: Ball 1-0: SINGLE (Groundball, 4MD, EV 108.1 MPH)
|
|
Batting: RHB Aaron Barraza
|
0-0: Called Strike 0-1: SINGLE (Line Drive, 9S, EV 98.8 MPH) Jamie Spangenberg to second Runner from 2nd tries for 3rd, SAFE, throw by RF made to third
|
|
Batting: SHB Cesar Pelayo
|
0-0: Ball 1-0: Ball 2-0: Foul Ball, location: 2F 2-1: Called Strike 2-2: Strikes out swinging
|
|
Batting: RHB Ed Santibanez
|
0-0: Ball 1-0: Foul Ball, location: 2F 1-1: Ball 2-1: Grounds into double play, U4-3 (Groundball, 6M, EV 104.4 MPH)
|
| Top of the 2nd over - 0 runs, 2 hits, 0 errors, 1 left on base; Columbus 0 - Windy City 2 |
| BOTTOM OF THE 2ND |
|
Windy City ThunderBolts batting - Pitching for Columbus Reds : RHP Guang Jue
|
|
Batting: RHB David Cortez
|
0-0: Swinging Strike 0-1: Ball 1-1: Ball 2-1: Ground out U3 (Groundball, 13, EV 76.2 MPH)
|
|
Batting: RHB Nhat Phong
|
0-0: Called Strike 0-1: Ball 1-1: Called Strike 1-2: Foul Ball, location: 2F 1-2: Ball 2-2: Ball 3-2: Strikes out swinging
|
|
Batting: RHB Enrique Gomez
|
0-0: Swinging Strike 0-1: Swinging Strike 0-2: Fly out, F9 (Flyball, 9S, EV 89.4 MPH)
|
| Bottom of the 2nd over - 0 runs, 0 hits, 0 errors, 0 left on base; Columbus 0 - Windy City 2 |
| TOP OF THE 3RD |
|
Columbus Reds batting - Pitching for Windy City ThunderBolts : RHP Mark Fedor
|
|
Batting: LHB Mike Becerra
|
0-0: SINGLE (Line Drive, 34D, EV 101.2 MPH)
|
|
Batting: LHB Jose Cruz
|
0-0: Called Strike 0-1: TRIPLE (Flyball, 78XD, EV 88.8 MPH) Mike Becerra scores
|
|
Batting: RHB Alex de Leon
|
0-0: Foul Ball, location: 2F 0-1: Ball 1-1: Fly out, F7 (Flyball, 8LS, EV 95.6 MPH)
|
|
Batting: RHB Ernie Maldonado
|
0-0: Ball 1-0: Foul Ball, location: 2F 1-1: Fly out, F8 (Line Drive, 8RS, EV 110.6 MPH) Runner from 3rd tags up, SCORES, throw by CF
|
|
Batting: LHB Matthew Berry
|
0-0: Swinging Strike 0-1: Ball 1-1: Ball 2-1: Ball 3-1: Foul Ball, location: 2F 3-2: Base on Balls
|
|
Batting: LHB Jamie Spangenberg
|
0-0: Called Strike 0-1: Reached on error, E3 (Groundball, 3, EV 88.8 MPH) Matthew Berry to second
|
|
Batting: RHB Aaron Barraza
|
0-0: Called Strike 0-1: Swinging Strike 0-2: Ball 1-2: Ball 2-2: Strikes out swinging
|
| Top of the 3rd over - 2 runs, 2 hits, 1 error, 2 left on base; Columbus 2 - Windy City 2 |
| BOTTOM OF THE 3RD |
|
Windy City ThunderBolts batting - Pitching for Columbus Reds : RHP Guang Jue
|
|
Batting: SHB Andres Agudo
|
0-0: Called Strike 0-1: SINGLE (Line Drive, 34, EV 95.0 MPH)
|
|
Batting: RHB David Laureano
|
0-0: Ball 1-0: Called Strike 1-1: Swinging Strike 1-2: Strikes out swinging
|
|
Batting: RHB Bill Stern
|
0-0: Ball 1-0: Called Strike 1-1: Hit by Pitch Andres Agudo to second
|
|
Batting: LHB Prince Nunley
|
0-0: Ball 1-0: SINGLE (Groundball, 4MD, EV 96.9 MPH) Andres Agudo to third Bill Stern to second
|
|
Batting: RHB Joe Thomas
|
0-0: SINGLE (Flyball, 5D, EV 88.8 MPH) Andres Agudo scores Bill Stern to third Prince Nunley to second
|
|
Batting: LHB Jose Pereyra
|
0-0: Ball 1-0: Ball 2-0: Called Strike 2-1: Foul Ball, location: 2F 2-2: Ball 3-2: Strikes out looking
|
|
Batting: RHB David Cortez
|
0-0: GRAND SLAM HOME RUN (Line Drive, 78XD, EV 103.1 MPH), Distance : 410 ft
|
|
Batting: RHB Nhat Phong
|
0-0: Called Strike 0-1: Swinging Strike 0-2: Ball 1-2: Fly out, F8 (Flyball, 8RS, EV 88.8 MPH)
|
| Bottom of the 3rd over - 5 runs, 4 hits, 0 errors, 0 left on base; Columbus 2 - Windy City 7 |
| TOP OF THE 4TH |
|
Columbus Reds batting - Pitching for Windy City ThunderBolts : RHP Mark Fedor
|
|
Batting: SHB Cesar Pelayo
|
0-0: Called Strike 0-1: Foul Ball, location: 2F 0-2: Ball 1-2: Fly out, F8 (Flyball, 8LM, EV 95.0 MPH)
|
|
Batting: RHB Ed Santibanez
|
0-0: Foul Ball, location: 2F 0-1: Swinging Strike 0-2: Ball 1-2: Ball 2-2: SINGLE (Line Drive, 7S, EV 110.0 MPH)
|
|
Batting: LHB Mike Becerra
|
0-0: Ball 1-0: Foul Ball, location: 2F 1-1: Ball 2-1: Swinging Strike 2-2: Foul Ball, location: 2F 2-2: Ball 3-2: Foul Ball, location: 2F 3-2: Strikes out looking Ed Santibanez is caught stealing 2nd base 2-6 Batter strikes out.
|
| Top of the 4th over - 0 runs, 1 hit, 0 errors, 0 left on base; Columbus 2 - Windy City 7 |
| BOTTOM OF THE 4TH |
|
Windy City ThunderBolts batting - Pitching for Columbus Reds : RHP Guang Jue
|
|
Batting: RHB Enrique Gomez
|
0-0: Ball 1-0: Called Strike 1-1: Called Strike 1-2: Ball 2-2: Strikes out swinging
|
|
Batting: SHB Andres Agudo
|
0-0: Ball 1-0: Called Strike 1-1: Foul Ball, location: 2F 1-2: Ground out U3 (Groundball, 34, EV 85.0 MPH)
|
|
Batting: RHB David Laureano
|
0-0: Foul Ball, location: 2F 0-1: Called Strike 0-2: Ball 1-2: Strikes out swinging
|
| Bottom of the 4th over - 0 runs, 0 hits, 0 errors, 0 left on base; Columbus 2 - Windy City 7 |
| TOP OF THE 5TH |
|
Columbus Reds batting - Pitching for Windy City ThunderBolts : RHP Mark Fedor
|
|
Batting: LHB Jose Cruz
|
0-0: Ball 1-0: Called Strike 1-1: Called Strike 1-2: Ball 2-2: Strikes out looking
|
|
Batting: RHB Alex de Leon
|
0-0: Ball 1-0: Swinging Strike 1-1: Ball 2-1: Called Strike 2-2: Strikes out swinging
|
|
Batting: RHB Ernie Maldonado
|
0-0: Called Strike 0-1: SOLO HOME RUN (Flyball, 7D, EV 95.6 MPH), Distance : 378 ft
|
|
Batting: LHB Matthew Berry
|
0-0: Ball 1-0: Foul Ball, location: 2F 1-1: Ball 2-1: Foul Ball, location: 2F 2-2: Fly out, F7 (Flyball, 7, EV 90.6 MPH)
|
| Top of the 5th over - 1 run, 1 hit, 0 errors, 0 left on base; Columbus 3 - Windy City 7 |
| BOTTOM OF THE 5TH |
|
Windy City ThunderBolts batting - Pitching for Columbus Reds : RHP Guang Jue
|
|
Batting: RHB Bill Stern
|
0-0: Foul Ball, location: 2F 0-1: Swinging Strike 0-2: Ball 1-2: Foul Ball, location: 2F 1-2: Ball 2-2: Foul Ball, location: 2F 2-2: Strikes out swinging
|
|
Batting: LHB Prince Nunley
|
0-0: Ball 1-0: Ball 2-0: Swinging Strike 2-1: Called Strike 2-2: Ball 3-2: Base on Balls
|
|
Batting: RHB Joe Thomas
|
0-0: Ball 1-0: Fly out, F9 (Flyball, 9, EV 91.2 MPH)
|
|
Batting: LHB Jose Pereyra
|
0-0: Ball 1-0: Foul Ball, location: 2F 1-1: SINGLE (Groundball, 56D, EV 109.4 MPH) (infield hit) Prince Nunley to second
|
|
Batting: RHB David Cortez
|
0-0: Ball 1-0: Foul Ball, location: 2F 1-1: Fly out, F7 (Flyball, 7D, EV 85.0 MPH)
|
| Bottom of the 5th over - 0 runs, 1 hit, 0 errors, 2 left on base; Columbus 3 - Windy City 7 |
| TOP OF THE 6TH |
|
Columbus Reds batting - Pitching for Windy City ThunderBolts : RHP Mark Fedor
|
|
Batting: LHB Jamie Spangenberg
|
0-0: Ball 1-0: Ball 2-0: Foul Ball, location: 2F 2-1: Fly out, F7 (Flyball, 78D, EV 98.1 MPH)
|
|
Batting: RHB Aaron Barraza
|
0-0: Called Strike 0-1: SINGLE (Groundball, 56D, EV 102.5 MPH)
|
|
Batting: SHB Cesar Pelayo
|
0-0: Foul Ball, location: 2F 0-1: Called Strike 0-2: Foul Ball, location: 2F 0-2: Strikes out swinging
|
|
Batting: RHB Ed Santibanez
|
0-0: Ball 1-0: SINGLE (Groundball, 6MD, EV 101.2 MPH) Aaron Barraza to second
|
|
Batting: LHB Mike Becerra
|
0-0: Ball 1-0: TRIPLE (Flyball, 89XD, EV 103.1 MPH) Aaron Barraza scores Ed Santibanez scores
|
|
Pitching: RHP George Crousse
|
|
|
Batting: LHB Jose Cruz
|
0-0: DOUBLE (Flyball, 8RXD, EV 101.2 MPH) Mike Becerra scores
|
|
Batting: RHB Alex de Leon
|
0-0: Ball 1-0: Ball 2-0: Fly out, F9 (Line Drive, 9, EV 94.4 MPH)
|
| Top of the 6th over - 3 runs, 4 hits, 0 errors, 1 left on base; Columbus 6 - Windy City 7 |
| BOTTOM OF THE 6TH |
|
Windy City ThunderBolts batting - Pitching for Columbus Reds : RHP Guang Jue
|
|
Batting: RHB Nhat Phong
|
0-0: SINGLE (Line Drive, 6MD, EV 100.0 MPH)
|
|
Batting: RHB Enrique Gomez
|
0-0: Ball 1-0: Ball 2-0: Fly out, F9 (Flyball, 9, EV 91.9 MPH)
|
|
Batting: SHB Andres Agudo
|
0-0: Foul Ball, location: 2F 0-1: Ball 1-1: Hit by Pitch Nhat Phong to second
|
|
Batting: RHB David Laureano
|
0-0: Ball 1-0: Fly out, F3 (Popup, 3, EV 59.4 MPH)
|
|
Batting: RHB Bill Stern
|
0-0: Called Strike 0-1: Called Strike 0-2: SINGLE (Groundball, 6D, EV 108.1 MPH) Nhat Phong to third Andres Agudo to second Runner from 3rd tries for Home, SAFE, throw by LF to home
|
|
Pitching: RHP Hugo Pirir
|
|
|
Batting: LHB Prince Nunley
|
0-0: Ball 1-0: DOUBLE (Line Drive, 3D, EV 103.1 MPH) Andres Agudo scores Bill Stern to third
|
|
Batting: RHB Joe Thomas
|
0-0: SINGLE (Line Drive, 56D, EV 98.8 MPH) Bill Stern scores Prince Nunley to third Runner from 3rd tries for Home, SAFE, throw by LF to home
|
|
Batting: LHB Jose Pereyra
|
0-0: Ball 1-0: Ball 2-0: Foul Ball, location: 2F 2-1: Fly out, F8 (Flyball, 89D, EV 105.6 MPH)
|
| Bottom of the 6th over - 4 runs, 4 hits, 0 errors, 1 left on base; Columbus 6 - Windy City 11 |
| TOP OF THE 7TH |
|
Columbus Reds batting - Pitching for Windy City ThunderBolts : RHP George Crousse
|
|
Batting: RHB Ernie Maldonado
|
0-0: Ball 1-0: SINGLE (Groundball, 6MD, EV 100.0 MPH)
|
|
Batting: LHB Matthew Berry
|
0-0: Called Strike 0-1: Ball 1-1: Called Strike 1-2: Foul Ball, location: 2F 1-2: Fly out, F8 (Flyball, 89M, EV 93.1 MPH)
|
|
Batting: LHB Jamie Spangenberg
|
0-0: Ball 1-0: Ball 2-0: Called Strike 2-1: 2-RUN HOME RUN (Flyball, 9D, EV 94.4 MPH), Distance : 362 ft
|
|
Batting: RHB Aaron Barraza
|
0-0: Ball 1-0: Foul Ball, location: 2F 1-1: Swinging Strike 1-2: Ball 2-2: SINGLE (Line Drive, 78M, EV 96.2 MPH)
|
|
Batting: SHB Cesar Pelayo
|
0-0: Ball 1-0: Ball 2-0: Foul Ball, location: 2F 2-1: Ball 3-1: Base on Balls Aaron Barraza to second
|
|
Batting: RHB Ed Santibanez
|
0-0: Foul Ball, location: 2F 0-1: Fielders Choice at 2nd, 5-4 (Groundball, 56S, EV 92.5 MPH) Aaron Barraza to third
|
|
Pinch Hitting: RHB Ch'ang-chieh Hsia
|
0-0: Foul Ball, location: 2F 0-1: Ball 1-1: Ground out 1-3 (Groundball, 13, EV 68.1 MPH)
|
| Top of the 7th over - 2 runs, 3 hits, 0 errors, 2 left on base; Columbus 8 - Windy City 11 |
| BOTTOM OF THE 7TH |
|
Windy City ThunderBolts batting - Pitching for Columbus Reds : RHP Hugo Pirir
|
|
Now in RF: Tim Kirk
|
|
|
Batting: RHB David Cortez
|
0-0: Foul Ball, location: 2F 0-1: Fly out, F8 (Flyball, 8LD, EV 100.0 MPH)
|
|
Batting: RHB Nhat Phong
|
0-0: Foul Ball, location: 2F 0-1: Ball 1-1: Called Strike 1-2: Foul Ball, location: 2F 1-2: Ball 2-2: Strikes out looking
|
|
Batting: RHB Enrique Gomez
|
0-0: Swinging Strike 0-1: Ball 1-1: Ground out 6-3 (Groundball, 6, EV 95.6 MPH)
|
| Bottom of the 7th over - 0 runs, 0 hits, 0 errors, 0 left on base; Columbus 8 - Windy City 11 |
| TOP OF THE 8TH |
|
Columbus Reds batting - Pitching for Windy City ThunderBolts : RHP George Crousse
|
|
Pitching: RHP Jose Rodriguez
|
|
|
Batting: LHB Jose Cruz
|
0-0: Called Strike 0-1: Ball 1-1: Ball 2-1: Ground out 2-3 (Groundball, 15S, EV 70.0 MPH)
|
|
Batting: RHB Alex de Leon
|
0-0: SINGLE (Groundball, 34, EV 98.8 MPH)
|
|
Batting: RHB Ernie Maldonado
|
0-0: Foul Ball, location: 2F 0-1: Fly out, F3 (Popup, 3SF, EV 76.2 MPH)
|
|
Batting: LHB Matthew Berry
|
0-0: Ball 1-0: Fly out, F9 (Flyball, 9D, EV 98.1 MPH)
|
| Top of the 8th over - 0 runs, 1 hit, 0 errors, 1 left on base; Columbus 8 - Windy City 11 |
| BOTTOM OF THE 8TH |
|
Windy City ThunderBolts batting - Pitching for Columbus Reds : RHP Hugo Pirir
|
|
Batting: SHB Andres Agudo
|
0-0: Foul Ball, location: 2F 0-1: Foul Ball, location: 2F 0-2: Ball 1-2: Ball 2-2: Foul Ball, location: 2F 2-2: Ball 3-2: Hit by Pitch
|
|
Batting: RHB David Laureano
|
0-0: Ball 1-0: SINGLE (Flyball, 7LS, EV 87.5 MPH) Andres Agudo to second
|
|
Batting: RHB Bill Stern
|
0-0: Fly out, F8 (Line Drive, 8LD, EV 92.5 MPH)
|
|
Batting: LHB Prince Nunley
|
0-0: Called Strike 0-1: Called Strike 0-2: Ball 1-2: SINGLE (Groundball, 3D, EV 97.5 MPH) Andres Agudo to third David Laureano to second
|
|
Batting: RHB Joe Thomas
|
0-0: Ball 1-0: Foul Ball, location: 2F 1-1: Fly out, F9 (Flyball, 9S, EV 81.9 MPH)
|
|
Batting: LHB Jose Pereyra
|
0-0: Foul Ball, location: 2F 0-1: Fly out, F9 (Flyball, 89S, EV 85.0 MPH)
|
| Bottom of the 8th over - 0 runs, 2 hits, 0 errors, 3 left on base; Columbus 8 - Windy City 11 |
| TOP OF THE 9TH |
|
Columbus Reds batting - Pitching for Windy City ThunderBolts : RHP Jose Rodriguez
|
|
Pitching: RHP Nate Myers
|
|
|
Batting: LHB Jamie Spangenberg
|
0-0: Ball 1-0: Swinging Strike 1-1: Fly out, F8 (Flyball, 8RD, EV 103.8 MPH)
|
|
Batting: RHB Aaron Barraza
|
0-0: Ball 1-0: Called Strike 1-1: SINGLE (Line Drive, 9S, EV 103.1 MPH)
|
|
Batting: SHB Cesar Pelayo
|
0-0: Foul Ball, location: 2F 0-1: Ball 1-1: Foul Ball, location: 2F 1-2: Strikes out swinging
|
|
Batting: RHB Ed Santibanez
|
0-0: Fly out, F8 (Flyball, 8LM, EV 74.4 MPH)
|
| Top of the 9th over - 0 runs, 1 hit, 0 errors, 1 left on base; Columbus 8 - Windy City 11 |
|